 Dungeon Crawl Stone Soup version 0.29-a0-284-gf9362112df (webtiles) character file.

Game seed: 14115385303372346024

613 sammy202020 the Skirmisher (level 7, 0/44 HPs)
             Began as a Gargoyle Berserker on Mar 20, 2022.
             Was a Believer of Trog.
             Slain by an ogre
             ... wielding a +0 giant club
              (9 damage)
             ... on level 5 of the Dungeon.
             The game lasted 00:06:23 (5496 turns).

sammy202020 the Skirmisher (Gargoyle Berserker)     Turns: 5496, Time: 00:06:23

Health: 0/44       AC: 14    Str: 20    XL:     7   Next: 44%
Magic:  7/7        EV: 10    Int: 10    God:    Trog [**....]
Gold:   169        SH:  0    Dex:  9    Spells: 6/6 levels left

rFire   . . .      SeeInvis .   f - +0 flail
rCold   . . .      Faith    .   (no shield)
rNeg    + . .      Spirit   .   s - +0 scale mail
rPois   ∞          Reflect  .   (no helmet)
rElec   +          Harm     .   c - +1 cloak
rCorr   .          Rampage  .   (no gloves)
Will    ++...                   (no boots)
Stlth   ..........              (no amulet)
HPRegen 1.14/turn               (no ring)
MPRegen 0.10/turn               (no ring)

@: strong-willed, on berserk cooldown, regenerating, slowed, very slow
A: sickness immunity, AC +4, negative energy resistance 1, electricity
resistance, torment resistance 1, petrification resistance
a: Renounce Religion, Berserk, Trog's Hand


You were on level 5 of the Dungeon.
You worshipped Trog.
Trog was pleased with you.
You visited 1 branch of the dungeon, and saw 5 of its levels.

You collected 169 gold pieces.

Inventory:

Hand Weapons
 a - a +0 mace
 f - a +0 flail (weapon)
Missiles
 g - 21 poisoned darts (quivered)
 h - 2 boomerangs
Armour
 c - a +1 cloak (worn)
 s - a +0 scale mail (worn)
Jewellery
 i - a ring of magical power
 k - a ring of fire
Wands
 b - a wand of paralysis (1)
Potions
 d - a potion of flight
 e - a potion of degeneration {unknown}
 j - a potion of cancellation {unknown}
 m - 2 potions of attraction
 n - a potion of might {unknown}
 o - a potion of curing {unknown}
 q - a potion of lignification {unknown}
 r - a potion of ambrosia {unknown}


   Skills:
 * Level 5.6 Fighting
 * Level 5.0 Maces & Flails
 * Level 5.0 Armour
 + Level 2.9 Dodging


You had 6 spell levels left.
You didn't know any spells.
Your spell library was empty.

Dungeon Overview and Level Annotations

Branches:
Dungeon (5/15)             Temple (0/1) D:4

Altars:

Shops:
D:4 ?


Innate Abilities, Weirdness & Mutations

You are immune to sickness and miasma.
Your stone body is resilient. (AC +4)
You are immune to poison.
You resist negative energy. (rN+)
You are resistant to electric shocks. (rElec)
You are resistant to unholy torment.
You are immune to petrification.


Message History

Your Maces & Flails skill increases to level 5!
Your Armour skill increases to level 5!
You closely miss the ufetubus. The ufetubus hits you.
* * * LOW HITPOINT WARNING * * *
The ufetubus closely misses you. The orc closely misses you.
You hit the ufetubus.
The ufetubus is severely wounded.
The ufetubus closely misses you. The ufetubus barely misses you.
The orc hits you but does no damage. The ufetubus hits you.
* * * LOW HITPOINT WARNING * * *
The ufetubus hits you but does no damage.
Unknown command.
You thump the ufetubus!
You feel the power of Trog in you as your rage grows.
You kill the ufetubus!
Trog accepts your kill. The orc barely misses you.
You feel a strong urge to attack something.
You are no longer berserk.
You are exhausted.
You feel yourself slow down. The orc hits you with a +0 flail.
* * * LOW HITPOINT WARNING * * *
You completely miss the orc. The orc hits you but does no damage.
Your skin crawls.
You feel strong-willed. The orc hits you but does no damage.
The orc hits you with a +0 flail.
* * * LOW HITPOINT WARNING * * *
Okay, then.
You hit the orc.
The orc is lightly wounded.
The orc hits you with a +0 flail.
* * * LOW HITPOINT WARNING * * *
The orc completely misses you.
You hit the orc.
You kill the orc!
Trog accepts your kill.
You thump the ogre!
The ogre is moderately wounded.
The ogre hits you but does no damage. The ogre hits you with a +0 giant club!
You die...

...?.. .......<...
....... ...#......#
..#.... ...........
......##.. ......#
#.#.#.#.##......#
..[............#
..#.#.#.#.##.......
.......<..@O.......
..#.#.#.#.##>......
................
#5#.#.#.#........
#.........#...#...
##.#.#.#.##...# ..
#..#..#.## .... .
#. . . ! .....


You could see an ogre.

Vanquished Creatures
  A water moccasin (D:5)
  A black bear (D:4)
  A scorpion (D:4)
  A howler monkey (D:3)
  A hound (D:3)
  A gnoll shaman (D:4)
  2 iguanas
  7 gnolls
  2 adders
  2 ufetubi
  3 worms
  4 dart slugs
  11 orcs
  9 ball pythons
  6 endoplasms
  4 giant cockroaches
  6 goblins
  7 hobgoblins
  11 jackals
  4 kobolds
  2 bats (D:2)
  13 frilled lizards
  3 rats (D:2)
102 creatures vanquished.

Vanquished Creatures (others)
  4 plants (D:3)
  4 toadstools (D:1)
8 creatures vanquished.

Grand Total: 110 creatures vanquished

Notes
Turn   | Place    | Note
-------+----------+-------------------------------------------
     0 | D:1      | sammy202020 the Gargoyle Berserker began the quest for the
                  | Orb.
     0 | D:1      | Reached XP level 1. HP: 14/14 MP: 1/1
   295 | D:1      | Reached XP level 2. HP: 8/19 MP: 2/2
  1368 | D:2      | Reached XP level 3. HP: 24/24 MP: 3/3
  1527 | D:2      | HP: 1/36 [gnoll/+0 whip (4)]
  1532 | D:2      | Reached XP level 4. HP: 1/29 MP: 4/4
  2106 | D:2      | Reached ** piety under Trog
  2547 | D:3      | Reached XP level 5. HP: 24/33 MP: 5/5
  3716 | D:4      | Reached XP level 6. HP: 26/40 MP: 6/6
  3861 | D:4      | Found a staircase to the Ecumenical Temple.
  3927 | D:4      | Found Cutix's Magic Scroll Emporium.
  4467 | D:4      | Reached *** piety under Trog
  4623 | D:4      | Reached skill level 5 in Fighting
  4847 | D:4      | Noticed a black bear
  4863 | D:4      | Killed a black bear
  4864 | D:4      | Reached XP level 7. HP: 31/44 MP: 7/7
  5458 | D:5      | Entered Level 5 of the Dungeon
  5486 | D:5      | Reached skill level 5 in Maces & Flails
  5486 | D:5      | Reached skill level 5 in Armour
  5496 | D:5      | Slain by an ogre

Illustrated notes

Levels and vault maps discovered:
D:1:      ldierk_walled_garden_2, layout_basic
D:2:      layout_basic, kennysheep_generic_room_7
D:3:      layout_basic, minmay_lizard_king
D:4:      layout_cave_pods, temple_statues, serial_co_window_serial,
          co_window_corner_a, co_window_of_opportunity_a, co_window_paths_a,
          co_window_paths_a, co_window_corner_a, co_window_2corner,
          co_window_cross_2, co_window_of_opportunity_b, co_window_paths_c,
          co_window_2corner, co_window_4corner_b, glass_columns_a,
          glass_columns_a, glass_columns_a, glass_columns_b, serial_shops,
          nicolae_shop_temple_entry_statues_fountains
D:5:      layout_basic, st_stairs_9

Skill      XL: |  1  2  3  4  5  6  7 |
---------------+----------------------+-----
Armour         | 3 4 5 |  5.0
Dodging        | 2 |  2.9
Fighting       | 4 5 |  5.6
Maces & Flails | 4 5 |  5.0

Action                   |  1- 3 |  4- 6 |  7- 9 || total
-------------------------+-------+-------+-------++-------
Melee: Mace              |    74 |   251 |       ||   325
       Punch             |     1 |     1 |       ||     2
       Flail             |       |    30 |    35 ||    65
Invok: Berserk           |     2 |     1 |     1 ||     4
       Trog's Hand       |       |     1 |     2 ||     3
  Use: Scroll            |       |     6 |       ||     6
Armor: Animal skin       |    42 |    63 |       ||   105
       Ring mail         |       |    60 |       ||    60
       Scale mail        |       |    51 |    17 ||    68
Dodge: Dodged            |    76 |   205 |    25 ||   306

Table legend: (Time is in decaauts)
 A = Elapsed time spent in this place.
 B = Non-inter-level travel time spent in this place.
 C = Inter-level travel time spent in this place.
 D = Time resting spent in this place.
 E = Time spent auto-exploring this place.
 F = Levels seen in this place.
 G = Mean time per level.
                   A        B        C        D        E       F      G
               +--------+--------+--------+--------+--------+-----+--------+
         Total |   5591 |   5557 |     34 |    400 |   4160 |   5 | 1118.2 |
       Dungeon |   5591 |   5557 |     34 |    400 |   4160 |   5 | 1118.2 |
               +--------+--------+--------+--------+--------+-----+--------+

Top non-repeatable levels by time:
     D:4: 1797 daAuts
     D:1: 1347 daAuts
     D:3: 1219 daAuts
     D:2: 1188 daAuts
     D:5: 39 daAuts
